 Dungeon Crawl Stone Soup version 0.28.0 (webtiles) character file.

Game seed: 5423752008306978013

6 crazypyro the Digger (level 1, 0/10 HPs)
             Began as a Gargoyle Earth Elementalist on Feb 8, 2022.
             Slain by a quokka (2 damage)
             ... on level 1 of the Dungeon.
             The game lasted 00:00:37 (486 turns).

crazypyro the Digger (Gargoyle Earth Elementalist)   Turns: 486, Time: 00:00:37

Health: 0/10       AC:  4    Str: 11    XL:     1   Next: 90%
Magic:  1/3        EV: 12    Int: 15    God:
Gold:   6          SH:  0    Dex: 10    Spells: 3/4 levels left

rFire   . . .      SeeInvis .   (no weapon)
rCold   . . .      Faith    .   (no shield)
rNeg    + . .      Spirit   .   b - +0 robe
rPois   ∞          Reflect  .   (no helmet)
rElec   +          Harm     .   (no cloak)
rCorr   .          Rampage  .   (no gloves)
Will    .....                   (no boots)
Stlth   ++........              (no amulet)
HPRegen 0.03/turn               (no ring)
MPRegen 0.08/turn               (no ring)

@: no status effects
A: sickness immunity, AC +2, negative energy resistance 1, electricity
resistance, torment resistance 1, petrification resistance
a: no special abilities


You were on level 1 of the Dungeon.
You visited 1 branch of the dungeon, and saw 1 of its levels.

You collected 6 gold pieces.

Inventory:

Missiles
 c - 19 stones
Armour
 b - a +0 robe (worn)
Scrolls
 a - a scroll of identify {unknown}


   Skills:
 + Level 1.6 Dodging
 + Level 2.3 Stealth
 + Level 2.1 Spellcasting
 + Level 0.9 Transmutations
 + Level 3.7 Earth Magic


You had 3 spell levels left.
You knew the following spells:

 Your Spells              Type           Power      Damage    Failure   Level
a - Sandblast             Erth           24%        2d8       4%          1

Your spell library contained the following spells:

 Spells                   Type           Power      Damage    Failure   Level
 Passwall                 Tmut/Erth      6%         N/A       13%         2
 Stone Arrow              Conj/Erth      14%        3d7       30%         3
 Petrify                  Tmut/Erth      8%         N/A       63%         4


Dungeon Overview and Level Annotations

Branches:
Dungeon (1/15)

Altars:


Innate Abilities, Weirdness & Mutations

You are immune to sickness and miasma.
Your stone body is resilient. (AC +2)
You are immune to poison.
You resist negative energy. (rN+)
You are resistant to electric shocks. (rElec)
You are resistant to unholy torment.
You are immune to petrification.


Message History

A bat comes into view.
Casting: Sandblast (safe; 4% risk of failure)
Confirm with . or Enter, or press ? or * to list all spells.
Okay, then.
A quokka comes into view.
Found 4 boomerangs.
The blast of sand misses the quokka.
The bat barely misses you.
The blast of sand misses the bat.
The bat closely misses you. The quokka closely misses you.
The quokka bites you but does no damage.
The bat barely misses you. The bat completely misses you.
The bat completely misses you. The bat hits you but does no damage.
The blast of sand misses the bat.
The bat hits you but does no damage. The quokka closely misses you.
The quokka bites you.
You hit the quokka.
The quokka is heavily wounded.
The bat barely misses you.
The quokka bites you but does no damage.
You hit the quokka but do no damage.
The quokka is heavily wounded.
The bat closely misses you. The quokka barely misses you.
You closely miss the quokka.
The quokka is heavily wounded.
The bat completely misses you. The quokka barely misses you.
You closely miss the quokka.
The quokka is heavily wounded.
The bat hits you. The bat closely misses you. The quokka closely misses you.
You closely miss the quokka.
The quokka is heavily wounded.
The bat hits you.
* * * LOW HITPOINT WARNING * * *
The quokka bites you.
* * * LOW HITPOINT WARNING * * *
The bat hits you but does no damage. The quokka closely misses you.
You closely miss the quokka.
The quokka is heavily wounded.
The bat barely misses you. The quokka bites you.
You die...

######## #.......
############ #.......
#..........#####.......
####..........##.......... #
...............'..........
....##..........##..........
..........b@....##.....#####
≈≈........r.....##.....#
≈≈....############.....#
≈≈.... #.....# ≈≈..( #.....#
⌠.... #.....# ## ....
####### #. .... #. #.


You could see a quokka and a bat.

Vanquished Creatures
  A ball python (D:1)
  2 bats (D:1)
  2 hobgoblins (D:1)
5 creatures vanquished.

Notes
Turn   | Place    | Note
-------+----------+-------------------------------------------
     0 | D:1      | crazypyro the Gargoyle Earth Elementalist began the quest
                  | for the Orb.
     0 | D:1      | Reached XP level 1. HP: 10/10 MP: 3/3
   486 | D:1      | Slain by a quokka

Illustrated notes

Levels and vault maps discovered:
D:1:      psy_arrival_conway, layout_basic, serial_park_tiny_pond

Action                   || total
-------------------------++-------
Melee: Unarmed           ||    25
       Punch             ||     1
 Cast: Sandblast         ||    11
Armor: Robe              ||    15
Dodge: Dodged            ||    28
